 Dungeon Crawl Stone Soup version 0.27.1-1-g398f81649c (webtiles) character file.

Game seed: 13944200631983526460

329 bnorton916 the Conjurer (level 6, -1/32 HPs)
             Began as a Deep Elf Conjurer on Sept 20, 2021.
             Slain by a bullfrog (4 damage)
             ... in a sewer.
             The game lasted 00:04:30 (3725 turns).

bnorton916 the Conjurer (Deep Elf Conjurer)         Turns: 3725, Time: 00:04:30

Health: -1/32      AC:  2    Str:  4    XL:     6   Next: 25%
Magic:  7/17       EV:  9    Int: 25    God:
Gold:   105        SH:  0    Dex: 13    Spells: 6/17 levels left

rFire    . . .     SeeInvis .   (no weapon)
rCold    . . .     Faith    .   (no shield)
rNeg     . . .     Spirit   .   a - +0 robe
rPois    .         Reflect  .   (no helmet)
rElec    .         Harm     .   (no cloak)
rCorr    +         Rampage  .   (no gloves)
Will     .....                  (no boots)
Stlth    ++........             (no amulet)
HPRegen  0.10/turn              c - ring of resist corrosion
MPRegen  0.15/turn              (no ring)

@: constricted
A: no striking features
a: no special abilities


You were in a sewer.
You visited 1 branch of the dungeon, and saw 3 of its levels.
You also visited: Sewer.

You collected 105 gold pieces.

Inventory:

Armour
 a - a +0 robe (worn)
Jewellery
 c - a ring of resist corrosion (left hand)
 h - a ring of ice
Wands
 j - a wand of polymorph (10)
Scrolls
 b - a scroll of vulnerability {unknown}
 e - a scroll of identify {unknown}
 f - 2 scrolls of enchant weapon {unknown}
 g - 2 scrolls of magic mapping {unknown}
 i - a scroll of holy word {unknown}
 k - 3 scrolls of enchant armour {unknown}
 l - a scroll of acquirement {unknown}
 m - a scroll of fog {unknown}
Potions
 n - a potion of magic {unknown}
 o - a potion of brilliance {unknown}
 p - a potion of cancellation {unknown}
 q - a potion of heal wounds {unknown}


   Skills:
 - Level 2.4 Dodging
 - Level 2.4 Stealth
 - Level 6.0 Spellcasting
 - Level 6.2 Conjurations
 + Level 2.4 Hexes
 + Level 1.9 Translocations


You had 6 spell levels left.
You knew the following spells:

 Your Spells              Type           Power      Damage    Failure   Level
a - Magic Dart            Conj           100%       1d8       1%          1
b - Searing Ray           Conj           76%        3d6       1%          2
c - Fulminant Prism       Conj/Hex       14%        3d9       12%         4
d - Iskenderun's Mystic   Conj/Tloc      28%        2d7       14%         4

Your spell library contained the following spells:

 Spells                   Type           Power      Damage    Failure   Level
 Dazzling Flash           Conj/Hex       58%        N/A       3%          3


Dungeon Overview and Level Annotations

Branches:
Dungeon (4/15)              Sewer (1/1)
 Temple: D:4-7

Altars:

Shops:
D:2 (


Message History

The bullfrog hits you!
Unknown command.
Casting: Searing Ray (safe; 1% risk of failure)
Confirm with . or Enter, or press ? or * to list all spells.
Restarting spell: Searing Ray (safe; 1% risk of failure)
Press: ? - help, Shift-Dir - straight line The searing ray hits the bullfrog!
The bullfrog is heavily wounded.
The searing ray hits the bullfrog!
The bullfrog is severely wounded.
The searing ray hits the adder!
You kill the adder! (Press . to maintain the ray.)
You feel sick. The bullfrog misses you. The ball python closely misses you.
The ball python grabs you. The ball python constricts you.
The bullfrog hits you.
* * * LOW HITPOINT WARNING * * *
The searing ray hits the bullfrog.
The bullfrog is severely wounded.
You feel sick. The bullfrog hits you.
* * * LOW HITPOINT WARNING * * *
The bullfrog barely misses you.
The endoplasm hits you but does no damage.
The bullfrog hits you.
* * * LOW HITPOINT WARNING * * *
The ball python loses its grip on you.
It was a potion of curing.
You feel better. The bullfrog closely misses you. The ball python bites you.
The ball python closely misses you. The bullfrog hits you!
* * * LOW HITPOINT WARNING * * *
The adder barely misses you. The endoplasm barely misses you.
The ball python misses you. The ball python grabs you.
The ball python constricts you.
The bullfrog hits you but does no damage.
You feel better. The bullfrog hits you!
* * * LOW HITPOINT WARNING * * *
The adder bites you.
* * * LOW HITPOINT WARNING * * *
The bullfrog hits you.
You die...

#....'..# #....#..#
##...####
#....################## #
#.....#≈≈≈≈≈≈≈≈≈≈≈≈≈≈≈#..
##.....≈≈≈≈≈≈≈≈≈≈≈≈≈≈≈≈..
#.....≈≈≈≈≈≈≈≈≈≈≈≈≈≈≈≈..
#....≈≈≈≈≈≈≈≈FJ≈≈≈≈≈≈..F
##....≈≈≈≈≈≈≈@F≈≈≈≈≈≈≈.S
###..≈≈≈≈≈≈≈SS≈≈≈≈≈≈#..
###################


You could see 2 bullfrogs, an adder, an endoplasm and a ball python.

Vanquished Creatures
  A water moccasin skeleton (D:4)
  An iguana (D:4)
  A hound skeleton (D:4)
  9 adders
  3 gnolls (D:2)
  6 river rats
  An adder skeleton (D:4)
  A worm (D:2)
  2 dart slugs (D:1)
  7 endoplasms
  4 giant cockroaches
  3 goblins (D:1)
  3 hobgoblins
  3 quokkas
  8 ball pythons
  4 bats
  6 frilled lizards
  4 kobolds
  28 rats
95 creatures vanquished.

Notes
Turn   | Place    | Note
-------+----------+-------------------------------------------
     0 | D:1      | bnorton916 the Deep Elf Conjurer began the quest for the
                  | Orb.
     0 | D:1      | Reached XP level 1. HP: 10/10 MP: 6/6
   228 | D:1      | Reached XP level 2. HP: 15/15 MP: 3/8
   860 | D:1      | Reached skill level 5 in Conjurations
   860 | D:1      | Reached XP level 3. HP: 19/19 MP: 8/10
   863 | D:1      | Learned a level 2 spell: Searing Ray
  1169 | D:2      | Found Foxydues's Antique Weapon Boutique.
  1542 | D:2      | Reached XP level 4. HP: 8/24 MP: 4/12
  1948 | D:2      | You fall into a shaft and drop 2 floors!
  1974 | D:4      | Reached skill level 5 in Spellcasting
  2008 | D:4      | Reached XP level 5. HP: 14/28 MP: 0/15
  2182 | D:4      | Found a glowing drain.
  2304 | Sewer    | Entered a sewer
  2636 | Sewer    | Learned a level 4 spell: Fulminant Prism
  2641 | Sewer    | Learned a level 4 spell: Iskenderun's Mystic Blast
  2717 | Sewer    | Reached skill level 1 in Hexes
  2907 | Sewer    | Reached skill level 1 in Translocations
  3371 | Sewer    | Reached XP level 6. HP: 32/32 MP: 13/17
  3725 | Sewer    | Slain by a bullfrog

Illustrated notes

Levels and vault maps discovered:
D:1:      zelgadis_glass_arrival_small, layout_loops_ring,
          minmay_split_cup_large
D:2:      minmay_door_path, layout_loops_ring, serial_shops,
          nicolae_shop_crystal, minmay_misc_feat_hallway, grunt_decor_one_mirror
D:4:      layout_cave_pools, grunt_temple_overflow_cloverleaf,
          amcnicky_altar_gilded, portal_sewer_entry_a
Sewer:    sewer_minmay_w

Skill      XL: |  1  2  3  4  5  6 |
---------------+-------------------+-----
Spellcasting   | 4 5 6 |  6.0
Conjurations   | 5 6 |  6.2
Hexes          | 1 2 |  2.4
Translocations | 1 |  1.9
Dodging        | |  2.4
Stealth        | |  2.4

Action                   |  1- 3 |  4- 6 || total
-------------------------+-------+-------++-------
Melee: Unarmed           |       |     1 ||     1
 Cast: Magic Dart        |    70 |    66 ||   136
       Searing Ray       |     2 |    14 ||    16
  Use: Potion            |       |     2 ||     2
Armor: Robe              |     2 |     2 ||     4
Dodge: Dodged            |     6 |    23 ||    29
